 Dungeon Crawl Stone Soup version 0.28-b1-25-g9875b3fc8c (webtiles) character file.

Game seed: 5665884593335983465

1680 MisterFreud the Cruncher (level 8, -4/74 HPs)
             Began as a Troll Berserker on Feb 3, 2022.
             Was an Elder of Trog.
             Slain by a vampire (11 damage)
             ... on level 6 of the Dungeon.
             The game lasted 00:06:52 (4185 turns).

MisterFreud the Cruncher (Troll Berserker)          Turns: 4185, Time: 00:06:53

Health: -4/74      AC:  9    Str: 26    XL:     8   Next: 71%
Magic:  7/7        EV: 10    Int:  5    God:    Trog [****..]
Gold:   323        SH:  0    Dex:  9    Spells: 7/7 levels left

rFire   . . .      SeeInvis .   n - +4 quarterstaff (protect)
rCold   . . .      Faith    +   (shield currently unavailable)
rNeg    . . .      Spirit   .   b - +0 animal skin
rPois   .          Reflect  .   h - +2 hat
rElec   .          Harm     .   A - +2 cloak
rCorr   .          Rampage  .   (gloves unavailable)
Will    ++...                   (boots unavailable)
Stlth   +.........              r - amulet of faith
HPRegen 1.02/turn               d - ring of willpower
MPRegen 0.10/turn               t - ring of willpower

@: on berserk cooldown, slowed, very slow
A: large, unfitting armour, claws 3, regeneration 1, shaggy fur 1, tough skin 1
a: Renounce Religion, Berserk, Trog's Hand, Brothers in Arms


You were on level 6 of the Dungeon.
You worshipped Trog.
Trog was greatly pleased with you.
You visited 1 branch of the dungeon, and saw 6 of its levels.

You collected 405 gold pieces.
You spent 82 gold pieces at shops.

Inventory:

Hand Weapons
 a - a +0 mace
 n - a +4 quarterstaff of protection (weapon)
 C - the +1 hand axe "Vipruweh" {vorpal, Will+ Int+2 SInv}
   (You took it off an orc on level 5 of the Dungeon)

   It inflicts extra damage upon your enemies.
   Int:       It affects your intelligence (+2).
   SInv:      It lets you see invisible.
   Will:      It increases your willpower.
Armour
 b - a +0 animal skin (worn)
 f - an orb of light
 h - a +2 hat (worn)
 o - a +0 cloak
 A - a +2 cloak (worn)
Jewellery
 d - a ring of willpower (left claw)
 r - an amulet of faith (around neck)
 t - a ring of willpower (right claw)
 w - a +6 ring of strength
Wands
 y - a wand of digging (1)
Scrolls
 c - 2 scrolls of immolation
 g - a scroll of amnesia {unknown}
 i - 3 scrolls of blinking
 j - a scroll of brand weapon
 m - a scroll of noise {unknown}
 p - a scroll of enchant weapon {unknown}
 v - a scroll of fog {unknown}
Potions
 e - a potion of magic {unknown}
 k - a potion of heal wounds
 l - 3 potions of brilliance
 q - 2 potions of lignification
 s - 3 potions of curing
 u - 2 potions of attraction {unknown}
 x - 2 potions of flight
 z - 2 potions of degeneration
 B - a potion of experience {unknown}


   Skills:
 - Level 2.4 Fighting
 - Level 4.8(7.7) Maces & Flails
 + Level 8.5(9.1) Staves
 - Level 2.4 Dodging


You had 7 spell levels left.
You didn't know any spells.
Your spell library was empty.

Dungeon Overview and Level Annotations

Branches:
Dungeon (6/15)             Temple (0/1) D:4

Altars:
Cheibriados
Fedhas
Gozag
Makhleb
Ru
Wu Jian
Xom
Zin

Shops:
D:4 ?

Annotations:
D:5 2 transporters


Innate Abilities, Weirdness & Mutations

You are too large for most types of armour.
You have claws for hands.
Your natural rate of healing is unusually fast.
You are covered in fur. (AC +1)
You have tough skin. (AC +1)


Message History

The vampire is severely damaged.
The vampire hits you. The vampire bites you.
The vampire draws strength from your injuries!
You hit the vampire but do no damage.
The vampire seems to speed up.
The vampire is heavily damaged.
The vampire hits you but does no damage.
The vampire barely misses you.
A red film seems to cover your vision as you go berserk!
You feel yourself moving faster!
You feel mighty!
The vampire falters for a moment.
The vampire hits you! The vampire bites you!
* * * LOW HITPOINT WARNING * * *
The vampire draws strength from your injuries!
You closely miss the vampire.
The vampire is moderately damaged.
The vampire hits you!
* * * LOW HITPOINT WARNING * * *
The vampire bites you!
* * * LOW HITPOINT WARNING * * *
The vampire draws strength from your injuries!
You feel a strong urge to attack something.
You feel your anger nearly subside.
You are no longer berserk.
You are exhausted.
You feel yourself slow down.
The vampire mumbles some strange words.
The vampire flickers and vanishes!
Deactivating autopickup; reactivate with Ctrl-A.
You feel much better.
You hear some strange, mumbled words.
Something tries to affect you, but you resist.
As you read the scroll labelled FICZORE UJOSIKHLI, it crumbles to dust.
It is a scroll of brand weapon.
Your +4 quarterstaff of chaos projects an invisible shield of force!
n - a +4 quarterstaff of protection (weapon)
Something hits you! Something bites you!
* * * LOW HITPOINT WARNING * * *
Something draws strength from your injuries!
Something hits you!
* * * LOW HITPOINT WARNING * * *
Something bites you!
You die...

###############
#....†....[...#
####...#########.#
........# #.#
####...## #@#
##.## #{# #.#
##.####### #.#
#......... #+#
#..######. #..#
#... #.### # ..


There were no monsters in sight!

Vanquished Creatures
  Edmund (D:5)
  3 water moccasins
  A necrophage (D:6)
  2 ice beasts (D:5)
  A black bear (D:4)
  A kobold brigand (D:6)
  3 scorpions
  A killer bee (D:5)
  A bullfrog zombie (D:5)
  A centaur zombie (D:6)
  3 hounds
  A jelly (D:5)
  3 orc priests
  Crazy Yiuf (D:2)
  An iguana (D:4)
  Terence (D:2)
  An orc wizard (D:3)
  A killer bee zombie (D:4)
  A hound skeleton (D:5)
  7 adders
  3 worms (D:2)
  4 dart slugs
  18 orcs
  8 ball pythons
  5 bats
  5 endoplasms
  5 giant cockroaches
  7 goblins
  8 hobgoblins
  4 jackals (D:2)
  16 kobolds
  2 quokkas
  4 frilled lizards
  4 rats
128 creatures vanquished.

Notes
Turn   | Place    | Note
-------+----------+-------------------------------------------
     0 | D:1      | MisterFreud the Troll Berserker began the quest for the
                  | Orb.
     0 | D:1      | Reached XP level 1. HP: 22/22 MP: 0/0
   255 | D:1      | Found a faded altar of an unknown god.
   256 | D:1      | Noticed an eye of devastation
   257 | D:1      | Noticed a golden eye
   259 | D:1      | Reached XP level 2. HP: 28/29 MP: 1/1
   260 | D:1      | Noticed an eye of devastation
   260 | D:1      | Noticed a golden eye
   733 | D:2      | Reached XP level 3. HP: 36/36 MP: 2/2
   747 | D:2      | Noticed Terence
   760 | D:2      | Killed Terence
   820 | D:2      | Reached ** piety under Trog
   920 | D:2      | Reached XP level 4. HP: 44/44 MP: 3/3
  1053 | D:2      | Found a runed translucent door.
  1054 | D:2      | Noticed Crazy Yiuf
  1173 | D:2      | Killed Crazy Yiuf
  1313 | D:3      | Reached skill level 1 in Staves
  1571 | D:3      | Reached XP level 5. HP: 48/50 MP: 4/4
  1584 | D:3      | Found a sacrificial altar of Ru.
  1614 | D:3      | Found a snail-covered altar of Cheibriados.
  1660 | D:3      | Reached skill level 2 in Staves
  2265 | D:3      | Noticed a water moccasin
  2269 | D:3      | Killed a water moccasin
  2270 | D:3      | Reached skill level 3 in Staves
  2270 | D:3      | Reached XP level 6. HP: 58/59 MP: 5/5
  2370 | D:4      | Reached skill level 4 in Staves
  2383 | D:4      | Reached *** piety under Trog
  2441 | D:4      | Found Jaorexo's Magic Scroll Shop.
  2476 | D:4      | Bought a scroll of blinking for 82 gold pieces
  2508 | D:4      | Noticed a water moccasin
  2523 | D:4      | Killed a water moccasin
  2524 | D:4      | Reached skill level 5 in Staves
  2524 | D:4      | Reached XP level 7. HP: 22/66 MP: 6/6
  2664 | D:4      | Found a staircase to the Ecumenical Temple.
  2850 | D:4      | Found a glowing silver altar of Zin.
  2950 | D:4      | Found an opulent altar of Gozag.
  2984 | D:5      | Entered Level 5 of the Dungeon
  3027 | D:5      | Found a blossoming altar of Fedhas.
  3032 | D:5      | Reached skill level 6 in Staves
  3056 | D:5      | Found a transporter.
  3259 | D:5      | Found a transporter.
  3269 | D:5      | Noticed Edmund
  3295 | D:5      | Killed Edmund
  3311 | D:5      | Reached XP level 8. HP: 48/74 MP: 7/7
  3356 | D:5      | Reached skill level 7 in Staves
  3368 | D:5      | Found a burning altar of Makhleb.
  3444 | D:5      | Found an ornate altar of the Wu Jian Council.
  3480 | D:5      | Identified the +1 hand axe "Vipruweh" {vorpal, Will+ Int+2
                  | SInv}
  3851 | D:6      | Reached **** piety under Trog
  3938 | D:6      | Reached skill level 8 in Staves
  3961 | D:6      | Found a shimmering altar of Xom.
  4185 | D:6      | Slain by a vampire

Illustrated notes

Levels and vault maps discovered:
D:1:      dpeg_arrival_renting, layout_rooms,
          hellmonk_ecumenical_altar_watching_god
D:2:      layout_basic, uniq_crazy_yiuf_cottage, uniq_terence
D:3:      layout_basic, mainiacjoe_overflow_two_lobes, minmay_surrounded
D:4:      layout_rooms, pdpol_temple_overflow_zin_treasury_gozag_greed,
          minmay_temple_entry_from_below_a, serial_shops, nicolae_shop_crystal,
          minmay_fractal_squares_diagonal_5
D:5:      gammafunk_cloud_chamber, layout_basic, kennysheep_mini_moat,
          fedhas_altar_2, nicolae_wu_jian_wuxing_cycle, st_stairs_3, uniq_edmund
D:6:      layout_loops_corners, amcnicky_altar_gilded

Skill      XL: |  1  2  3  4  5  6  7  8 |
---------------+-------------------------+-----
Maces & Flails | 3 4 |  4.8
Staves         | 1 3 5 6 8 |  8.5
Fighting       | |  2.4
Dodging        | |  2.4

Action                   |  1- 3 |  4- 6 |  7- 9 || total
-------------------------+-------+-------+-------++-------
Melee: Mace              |    97 |    25 |       ||   122
       Quarterstaff      |       |   104 |   145 ||   249
Invok: Berserk           |       |     1 |     1 ||     2
  Use: Scroll            |       |       |     8 ||     8
       Potion            |       |       |     1 ||     1
Armor: Animal skin       |    29 |    49 |    58 ||   136
Dodge: Dodged            |    40 |    87 |    51 ||   178
